 Dungeon Crawl Stone Soup version 0.29-a0-25-g7f48f510a0 (webtiles) character file.

Game seed: 7230626635349360482

7 croobank the Charlatan (level 1, -9/15 HPs)
             Began as a Vampire Wanderer on Jan 31, 2022.
             Killed themself with a badly aimed iceblast (15 damage)
             ... on level 1 of the Dungeon.
             The game lasted 00:02:18 (160 turns).

croobank the Charlatan (Vampire Wanderer)            Turns: 160, Time: 00:02:19

Health: -9/15      AC:  3    Str: 12    XL:     1   Next: 91%
Magic:  1/1        EV: 12    Int: 13    God:
Gold:   14         SH:  0    Dex: 13    Spells: 0/0 levels left

rFire   . . .      SeeInvis +   a - +0 mace
rCold   . . .      Faith    .   (no shield)
rNeg    . . .      Spirit   .   d - +0 robe
rPois   .          Reflect  .   c - +0 helmet
rElec   .          Harm     .   (no cloak)
rCorr   .          Rampage  .   (no gloves)
Will    .....                   (no boots)
Stlth   ++........              (no amulet)
HPRegen 0.25/turn               (no ring)
MPRegen 0.07/turn               (no ring)

@: healing quickly
A: alive, fangs 3, see invisible, vampiric 1
a: Exsanguinate


You were on level 1 of the Dungeon.
You visited 1 branch of the dungeon, and saw 1 of its levels.

You collected 14 gold pieces.

Inventory:

Hand Weapons
 a - a +0 mace (weapon)
 b - a +2 hunting sling of flaming
Missiles
 g - 22 stones
 h - 4 sling bullets
Armour
 c - a +0 helmet (worn)
 d - a +0 robe (worn)
Wands
 e - a wand of iceblast (4) (quivered)
Potions
 f - a potion of heal wounds {unknown}
 i - a potion of cancellation {unknown}


   Skills:
 + Level 1.1 Fighting
 + Level 2.5 Maces & Flails
 + Level 1.1 Armour
 + Level 1.2 Dodging
 + Level 1.9 Stealth
 + Level 2.7 Evocations


You couldn't memorise any spells.
You didn't know any spells.
Your spell library was empty.

Dungeon Overview and Level Annotations

Branches:
Dungeon (1/15)

Altars:


Innate Abilities, Weirdness & Mutations

Your natural rate of healing is accelerated.
You have razor-sharp teeth.
You have supernaturally acute eyesight. (SInv)
You are afflicted with vampirism.


Message History

The goblin hits you with a +0 club. The quokka closely misses you.
You hit the quokka.
You kill the quokka!
The bat closely misses you. The goblin closely misses you.
The bat hits you but does no damage.
You closely miss the bat. The bat closely misses you.
The goblin barely misses you. The bat hits you but does no damage.
The goblin hits you but does no damage.
You closely miss the bat. Your punch misses the bat.
The bat hits you but does no damage. x2; The goblin hits you with a +0 club.
Found 8 gold pieces.
The bat hits you but does no damage. The bat hits you but does no damage.
The bat misses you.
An endoplasm comes into view.
The bat misses you.
A ball python comes into view.
The bat misses you. The bat closely misses you.
A goblin comes into view. It is wielding a +0 club.
Found a scroll labelled JEAPOR WONARRA.
The bat hits you but does no damage.
The goblin shouts!
You hit the goblin.
You kill the goblin!
The ball python hisses angrily.
The bat hits you but does no damage. x2
The bat hits you. x2; The bat barely misses you.
You see here a +0 club.
Hit: a) +0 mace
Press: ? - help, Dir - move target, f - bat
Aim: a bat (about 56% to evade your +0 mace)
Okay, then.
Aiming: Iceblast
Press: ? - help, Shift-Dir - straight line, f - bat
Aim: a bat That beam is likely to hit you.
Continue anyway?
The mass of ice explodes!
The iceblast engulfs the bat.
You kill the bat!
The iceblast engulfs you!
Ouch! That really hurt!
You die...

### #.#.. ..##.#.#
#.#.#.# #. # #..#.#
##. .# #...########
#.. #.
#g#..rg....###.. #.
#.####†.##..##r.
#.##...#.#)#...##..
#.@†r.##$###.#r##..
###bS#...?.#.....r.
#..###.##...###..
#..# #.#b... ##(
#.## .####.. #. #..
#.. #. ### ..# #.
### #. ##


You could see a quokka, a bat and a ball python.

Vanquished Creatures
  A giant cockroach (D:1)
  2 goblins (D:1)
  A hobgoblin (D:1)
  A quokka (D:1)
  A bat (D:1)
  A rat (D:1)
7 creatures vanquished.

Notes
Turn   | Place    | Note
-------+----------+-------------------------------------------
     0 | D:1      | croobank the Vampire Wanderer began the quest for the Orb.
     0 | D:1      | croobank set off with the following items: a +0 mace, a
                  | wand of iceblast (4), a +0 helmet, a +0 robe
     0 | D:1      | Reached XP level 1. HP: 15/15 MP: 1/1
   160 | D:1      | Killed themself with a badly aimed iceblast

Illustrated notes

Levels and vault maps discovered:
D:1:      dpeg_arrival_line_fractal, layout_loops_ring, serial_glass,
          glass_columns_b, glass_columns_a, minmay_misc_feat_tower,
          minmay_liquid_box, minmay_octomino_j4

Action                   || total
-------------------------++-------
Melee: Mace              ||    26
       Bite              ||     5
 Fire: Hunting sling     ||     1
Armor: Robe              ||    24
Dodge: Dodged            ||    31

Table legend: (Time is in decaauts)
 A = Elapsed time spent in this place.
 B = Non-inter-level travel time spent in this place.
 C = Inter-level travel time spent in this place.
 D = Time resting spent in this place.
 E = Time spent auto-exploring this place.
 F = Levels seen in this place.
 G = Mean time per level.
                   A        B        C        D        E       F      G
               +--------+--------+--------+--------+--------+-----+--------+
         Total |    165 |    165 |      0 |      0 |     45 |   1 |  165.0 |
       Dungeon |    165 |    165 |      0 |      0 |     45 |   1 |  165.0 |
               +--------+--------+--------+--------+--------+-----+--------+

Top non-repeatable levels by time:
     D:1: 165 daAuts
